Map: Catalyst LE

Players

Salivanth

  • Race: Protoss Protoss
  • League: Master
  • Spawn Location: 11:00

Ascarecrow - Winner!

  • Race: Zerg Zerg
  • League: Master
  • Spawn Location: 5:00

VOD

Have the link to the VOD?

Description

Time

  • Played on: Jan. 29, 2018, 4:08 a.m.
  • Length: 8:18
Show
View Real Time Build Order
Export as new Build Order

Salivanth Protoss 

Build Orders: 1 Gate Expand, Oracle Opening, Phoenix Opening 

Get SALT Encoding   

  12  0:00  Probe  
  13  0:12  Probe  
  14  0:20  Pylon  
  14  0:25  Probe  
  15  0:38  Probe (Chrono Boost)  
  15  0:39  Gateway  
  17  0:50  Probe (Chrono Boost), Assimilator  
  17  0:55  Probe (Chrono Boost)  
  18  1:05  Probe  
  19  1:17  Probe  
  20  1:28  Nexus  
  20  1:31  Probe  
  21  1:36  Assimilator  
  21  1:45  Probe  
  22  1:53  Cybernetics Core  
  22  1:59  Probe  
  23  2:15  Pylon  
  23  2:29  Warp Gate (Chrono Boost)  
  23  2:32  Gateway  
  23  2:33  Probe, Adept (Chrono Boost)  
  23  2:36  Stargate  
  26  2:40  Probe  
  27  2:48  Gateway  
  27  2:51  Probe  
  27  2:54  Probe  
  27  2:58  Sentry (Chrono Boost)  
  31  3:06  Probe (Chrono Boost)  
  31  3:07  Probe (Chrono Boost)  
  33  3:16  Probe x2 (Chrono Boost)  
  33  3:19  Oracle  
  38  3:24  Probe x2  
  40  3:36  Probe x2  
  40  3:39  Pylon  
  42  3:48  Probe x2  
  42  3:54  Pylon  
  42  3:58  Phoenix (Chrono Boost)  
  42  3:59  Twilight Council  
  45  4:02  Probe  
  45  4:03  Probe  
  45  4:05  Assimilator  
  45  4:08  Assimilator  
  46  4:21  Probe x2  
  48  4:24  Void Ray (Chrono Boost)  
  52  4:33  Adept x3  
  58  4:48  Gateway  
  58  4:50  Resonating Glaives  
  58  4:51  Probe x2  
  60  5:02  Stalker  
  62  5:07  Pylon  
  62  5:08  Pylon, Probe  
  56  5:17  Adept  
  56  5:18  Adept, Void Ray (Chrono Boost)  
  41  5:32  Zealot  
  37  5:40  Probe x2  
  39  5:54  Cybernetics Core  
  39  6:06  Probe  
  39  6:07  Probe  
  41  6:25  Probe x2  
  43  6:33  Adept x4  
  43  6:38  Probe (Chrono Boost)  
  52  6:41  Probe (Chrono Boost)  
  54  6:47  Probe (Chrono Boost)  
  54  6:48  Probe (Chrono Boost)  
  55  6:54  Sentry x3  
  55  6:58  Adept  
  63  7:11  Probe x2 (Chrono Boost)  
  63  7:12  Pylon  
  67  7:23  Probe x2 (Chrono Boost)  
  67  7:27  Adept x2  
  67  7:28  Adept  
Show
View Real Time Build Order
Export as new Build Order

Ascarecrow Zerg - Winner!

Build Orders: Hatch First 

Get SALT Encoding   

  12  0:01  Drone  
  13  0:12  Overlord  
  13  0:17  Drone  
  14  0:31  Drone x2  
  16  0:50  Hatchery  
  16  0:52  Drone  
  16  0:55  Drone  
  17  0:59  Drone  
  17  1:02  Extractor  
  17  1:16  Spawning Pool  
  16  1:19  Drone  
  16  1:22  Drone  
  18  1:29  Drone  
  19  1:39  Overlord  
  19  1:53  Drone  
  20  2:01  Drone  
  20  2:03  Queen x2  
  20  2:07  Metabolic Boost  
  25  2:12  Zergling x2  
  25  2:14  Drone  
  27  2:17  Drone  
  28  2:23  Drone x2  
  30  2:34  Drone x2  
  32  2:44  Drone  
  33  2:55  Drone x2  
  35  2:58  Hatchery  
  35  3:01  Overlord  
  34  3:08  Roach Warren  
  34  3:10  Drone x2  
  35  3:20  Zergling x2  
  35  3:21  Zergling x2  
  35  3:22  Drone  
  35  3:23  Drone x3  
  41  3:28  Overlord  
  41  3:30  Overlord  
  41  3:38  Evolution Chamber  
  41  3:39  Zergling x2  
  41  3:48  Zergling x2  
  41  3:56  Overlord  
  41  3:59  Roach x6  
  41  4:00  Roach  
  55  4:06  Roach  
  57  4:10  Overlord  
  57  4:12  Roach  
  59  4:22  Spore Crawler  
  58  4:26  Spore Crawler  
  58  4:31  Zergling x16  
  65  4:38  Overlord  
  65  4:40  Zergling x2  
  65  4:41  Zergling x4  
  68  4:57  Drone  
  68  4:58  Drone x5  
  71  5:08  Drone x3  
  72  5:16  Drone  
  72  5:17  Drone x6  
  59  5:35  Drone  
  59  5:36  Drone x2  
  57  5:43  Spore Crawler  
  57  5:44  Queen  
  57  5:47  Drone x3  
  57  5:48  Lair  
  61  5:53  Zerg Melee Weapons Level 1  
  61  5:56  Queen  
  62  5:59  Drone x2  
  62  6:00  Drone x3  
  66  6:10  Overlord  
  65  6:14  Hatchery  
  65  6:16  Roach x6  
  65  6:17  Roach x2  
  80  6:23  Extractor  
  80  6:25  Extractor  
  78  6:27  Hatchery, Drone x2  
  78  6:28  Drone  
  80  6:37  Zergling x4  
  80  6:38  Zergling x6  
  85  6:44  Queen  
  85  6:46  Overlord x5  
  87  6:49  Zergling x2  
  88  6:55  Hydralisk Den  
  88  6:56  Drone  
  88  6:57  Drone x2, Extractor  
  88  6:58  Extractor  
  88  7:04  Drone x2  
  88  7:06  Drone  
  88  7:07  Drone  
  92  7:08  Drone  
  93  7:17  Overlord  
  93  7:19  Zergling x8  
  93  7:20  Zergling x2  
  98  7:34  Roach  
  98  7:35  Roach x6  
  95  8:00  Zergling x32  
Tags
 
Add a new tag
Caveats
  • Supply blocks, unpowered buildings, or Contaminate may cause inaccurate times.
  • Supply counts are checked every 10 seconds.